 Dungeon Crawl Stone Soup version 0.25-a0-464-g3004169 (webtiles) character file.

Game seed: 8934199417374094110, levelgen mode: deterministic

3416 15 the Conjurer (level 10, -8/52 HPs)
             Began as a Tengu Fire Elementalist on Feb 4, 2020.
             Was a Believer of Vehumet.
             Mangled by Harold
             ... wielding a +0 battleaxe
              (21 damage)
             ... on level 7 of the Dungeon.
             The game lasted 00:44:12 (7757 turns).

15 the Conjurer (Tengu Fire Elementalist)           Turns: 7757, Time: 00:44:13

Health: -8/52      AC: 13    Str: 15    XL:     10   Next: 5%
Magic:  20/21      EV: 24    Int: 18    God:    Vehumet [**....]
Gold:   389        SH:  0    Dex: 19    Spells: 5/22 levels left

rFire    . . .     SeeInvis .   t - +1 flail (protect)
rCold    . . .     Gourm    .   (no shield)
rNeg     . . .     Faith    .   a - +0 robe
rPois    .         Spirit   .   (helmet restricted)
rElec    .         Reflect  .   m - +1 cloak
rCorr    .         Harm     .   d - +0 pair of gloves
MR       .....                  (boots unavailable)
Stlth    ++++......             v - amulet of the acrobat
HPRegen  0.17/turn              (no ring)
MPRegen  0.17/turn              (no ring)

@: mighty, agile, protection aura, flying quickly and evasively, quick
A: beak, talons 3, able to fly
a: Stop Flying, Renounce Religion


You were on level 7 of the Dungeon.
You worshipped Vehumet.
Vehumet was pleased with you.
You were not hungry.

You visited 2 branches of the dungeon, and saw 8 of its levels.

You collected 389 gold pieces.

Inventory:

Hand Weapons
 e - a +2 dagger of draining
 i - a +4 quarterstaff of chaos
 t - a +1 flail of protection (weapon)
 z - a +1 dagger of holy wrath
Missiles
 l - 187 stones (quivered)
Armour
 a - a +0 robe (worn)
 d - a +0 pair of gloves (worn)
 m - a +1 cloak (worn)
Jewellery
 g - an uncursed amulet of rage
 v - an amulet of the acrobat (around neck)
Wands
 q - a wand of polymorph (8)
 s - a wand of digging (1)
Scrolls
 j - 4 scrolls of remove curse
 k - 5 scrolls of teleportation
 p - 2 scrolls of random uselessness {unknown}
 w - a scroll of blinking {unknown}
 y - a scroll of amnesia {unknown}
Potions
 b - 2 potions of curing
 n - a potion of haste
 o - a potion of brilliance
 r - a potion of lignification {unknown}
 u - a potion of heal wounds {unknown}
Comestibles
 c - 15 rations


   Skills:
 + Level 1.2 Fighting
 + Level 2.1 Short Blades
 + Level 0.9(1.1) Maces & Flails
 + Level 0.8(1.1) Staves
 + Level 1.5 Throwing
 * Level 5.7 Armour
 * Level 5.7 Dodging
 + Level 3.2 Stealth
 + Level 0.2 Unarmed Combat
 * Level 6.9 Spellcasting
 * Level 7.5 Conjurations
 + Level 5.8 Fire Magic
 * Level 4.9 Air Magic


You had 5 spell levels left.
You knew the following spells:

 Your Spells              Type           Power        Failure   Level  Hunger
a - Foxfire               Conj/Fire      ####         1%          1    None
b - Conjure Flame         Conj/Fire      ####....     1%          3    ##.....
c - Sticky Flame          Conj/Fire      ####....     7%          4    ####...
d - Fireball              Conj/Fire      ####......   19%         5    #####..
e - Confusing Touch       Hex            #.......     32%         3    ##.....
f - Shock                 Conj/Air       ####         1%          1    None

Your spell library contained the following spells:

 Spells                   Type           Power        Failure   Level  Hunger
 Freeze                   Ice            #...         11%         1    None
 Inner Flame              Hex/Fire       ###.....     10%         3    ##.....
 Gell's Gravitas          Tloc           #.........   32%         3    ##.....
 Petrify                  Tmut/Erth      #.......     73%         4    ####...
 Metabolic Englaciation   Hex/Ice        #.........   97%         5    #####..
 Yara's Violent Unravell  Hex/Tmut       #.........   97%         5    #####..


Dungeon Overview and Level Annotations

Branches:
Dungeon (7/15)             Temple (1/1) D:5

Altars:
Ashenzari
Cheibriados
Dithmenos
Elyvilon
Fedhas
Gozag
Hepliaklqana
Kikubaaqudgha
Makhleb
Nemelex Xobeh
Okawaru
Qazlal
Ru
Sif Muna
Trog
Uskayaw
Vehumet
Wu Jian
Xom
Yredelemnul
Zin
The Shining One

Shops:
D:4 (   D:6 :   D:7 *

Annotations:
D:4 1 runed translucent door, Cervance's ghost, amateur HOFE
D:7 Harold


Innate Abilities, Weirdness & Mutations

You have a beak for a mouth.
You have claws for feet.
You can fly continuously.


Message History

The foxfire hits Harold.
Harold is moderately wounded.
The foxfire hits Harold.
Harold is heavily wounded.
The foxfire hits Harold but does no damage.
Harold is heavily wounded.
Harold is engulfed in a cloud of scalding steam.
Harold misses you.
You barely miss Harold. You claw Harold.
Harold is heavily wounded.
Harold is engulfed in a cloud of scalding steam.
Harold hits you with a +0 battleaxe!
* * * LOW HITPOINT WARNING * * *
You sock Harold!
Your weapon exudes an aura of protection.
You claw Harold! Your peck misses Harold.
Harold is almost dead.
Harold is engulfed in a cloud of scalding steam.
Harold hits you with a +0 battleaxe!!
You die...

..##..............# .# ###....
..................##.### .. #....
.......#........##≈≈.≈≈#.........
............#..#.≈≈#≈≈≈≈.#..#....
..##........#..÷≈≈≈≈≈≈≈#≈≈....#.#
...#.........#≈≈≈≈≈≈≈≈≈≈≈≈##.....
...#........#.≈≈≈≈≈≈≈≈≈≈≈≈≈. .#..
...#........#≈≈≈≈≈≈≈≈≈≈≈≈≈≈≈ .
...#........≈≈≈≈@≈#≈≈≈≈≈≈≈≈≈ .
#........#≈≈@?≈≈.(.≈#..≈≈
...'#..≈≈..$8.<.....≈≈
...'..≈≈≈..!≈$..≈≈≈.≈≈
...##.≈≈≈≈≈≈≈≈≈#≈≈.≈≈# ..
#..#≈≈≈≈≈≈≈##≈≈#≈≈ '....≈#≈#≈≈≈≈
≈≈≈≈. ##..#≈≈≈≈≈≈≈≈≈ ≈≈≈#
##≈≈≈≈≈≈≈ ≈##


You could see Harold.

Vanquished Creatures
  A hippogriff (D:7)
  5 yaks
  Edmund (D:6)
  An orc warrior (D:6)
  2 ice beasts (D:5)
  A black bear (D:6)
  A phantom (D:4)
  4 ogres
  A centaur (D:7)
  3 bullfrogs (D:6)
  A scorpion (D:4)
  7 electric eels (D:7)
  2 howler monkeys (D:7)
  A crimson imp (D:5)
  A centaur zombie (D:5)
  A bullfrog zombie (D:5)
  3 hounds
  3 jellies
  Crazy Yiuf (D:2)
  2 orc priests (D:5)
  3 orc wizards
  4 iguanas
  4 worker ants
  3 hound skeletons
  Robin (D:2)
  7 adders
  4 gnolls (D:5)
  2 oozes
  2 adder zombies
  A worm (D:2)
  7 dart slugs
  6 leopard geckos
  23 orcs
  3 ball pythons
  8 giant cockroaches
  18 goblins
  8 hobgoblins
  4 jackals
  10 bats
  5 frilled lizards
  5 kobolds
  2 leopard gecko skeletons
  6 rats
178 creatures vanquished.

Vanquished Creatures (others)
  529 foxfires
  2 withered plants (D:4)
531 creatures vanquished.

Grand Total: 709 creatures vanquished

Notes
Turn   | Place    | Note
-------+----------+-------------------------------------------
     0 | D:1      | 15 the Tengu Fire Elementalist began the quest for the Orb.
     0 | D:1      | Reached XP level 1. HP: 10/10 MP: 4/4
    64 | D:1      | Reached XP level 2. HP: 13/15 MP: 1/6
   476 | D:1      | Reached XP level 3. HP: 19/19 MP: 4/7
   487 | D:1      | Learned a level 3 spell: Conjure Flame
   572 | D:2      | Reached skill level 1 in Armour
   626 | D:2      | Found a runed translucent door.
   627 | D:2      | Noticed Crazy Yiuf
   656 | D:2      | Killed Crazy Yiuf
   656 | D:2      | Reached XP level 4. HP: 13/24 MP: 8/8
   757 | D:2      | Noticed Robin
   773 | D:2      | Killed Robin
   800 | D:2      | Reached skill level 2 in Conjurations
  1004 | D:2      | Gained mutation: You can fly continuously. [Tengu growth]
  1004 | D:2      | Reached XP level 5. HP: 28/28 MP: 5/10
  1044 | D:2      | Learned a level 4 spell: Sticky Flame
  1386 | D:3      | Found a white marble altar of Elyvilon.
  2141 | D:4      | Found a runed translucent door.
  2141 | D:4      | Noticed Cervance's ghost (amateur HOFE)
  2165 | D:4      | Reached XP level 6. HP: 32/32 MP: 6/12
  2709 | D:4      | Found Muwk's Weapon Boutique.
  2733 | D:4      | Reached skill level 3 in Conjurations
  3076 | D:4      | Noticed a phantom
  3095 | D:4      | Killed a phantom
  3095 | D:4      | Reached XP level 7. HP: 37/37 MP: 4/14
  3102 | D:4      | Learned a level 5 spell: Fireball
  3120 | D:4      | Reached skill level 1 in Short Blades
  3448 | D:5      | Entered Level 5 of the Dungeon
  3658 | D:5      | Reached skill level 4 in Conjurations
  3866 | D:5      | Found a staircase to the Ecumenical Temple.
  3877 | Temple   | Entered the Ecumenical Temple
  4020 | Temple   | Became a worshipper of Vehumet
  4336 | D:5      | Found an iron altar of Okawaru.
  4422 | D:5      | Reached XP level 8. HP: 36/42 MP: 11/16
  4427 | D:5      | Learned a level 3 spell: Confusing Touch
  4663 | D:5      | Reached skill level 5 in Spellcasting
  4837 | D:5      | Reached * piety under Vehumet
  4837 | D:5      | Offered knowledge of Shock by Vehumet.
  4837 | D:5      | Reached skill level 5 in Conjurations
  4848 | D:5      | Learned a level 1 spell: Shock
  5019 | D:5      | Reached skill level 1 in Fighting
  5201 | D:6      | Reached skill level 5 in Fire Magic
  5277 | D:6      | Noticed Edmund
  5277 | D:6      | Found Huihax's Book Shoppe.
  5298 | D:6      | Reached skill level 1 in Air Magic
  5306 | D:6      | Killed Edmund
  5360 | D:6      | Found a shadowy altar of Dithmenos.
  5469 | D:6      | Reached XP level 9. HP: 47/47 MP: 3/18
  5582 | D:6      | Found a snail-covered altar of Cheibriados.
  5594 | D:6      | Found a burning altar of Makhleb.
  5999 | D:6      | Found an ancient bone altar of Kikubaaqudgha.
  6104 | D:6      | Found a shimmering blue altar of Sif Muna.
  6158 | D:7      | Found Wufamag's Mass Market.
  6189 | D:7      | Reached skill level 5 in Armour
  6189 | D:7      | Reached skill level 6 in Conjurations
  6191 | D:7      | Reached skill level 5 in Dodging
  6796 | D:7      | Noticed Harold
  6880 | D:7      | Reached skill level 1 in Throwing
  7318 | D:7      | Reached skill level 7 in Conjurations
  7321 | D:7      | Reached ** piety under Vehumet
  7321 | D:7      | Offered knowledge of Freeze by Vehumet.
  7368 | D:7      | Reached XP level 10. HP: 52/52 MP: 13/21
  7757 | D:7      | Mangled by Harold

Levels and vault maps discovered:
D:1:      dpeg_arrival_tiny_f, layout_basic
D:2:      layout_basic, corexii_shack, uniq_crazy_yiuf_cottage, uniq_robin
D:3:      layout_loops_cross, nicolae_overflow_hidden_temple, first_ration,
          grunt_ministairs_2
D:4:      layout_basic, gammafunk_ghost_grave, serial_shops,
          nicolae_shop_statue_plus
D:5:      layout_loops_ring, minmay_temple_entry_grid, basic_altar
D:6:      layout_loops_cross, led_sif_pool, kiku_gazebo_garden_becter,
          grunt_temple_overflow_open, serial_shops, kennysheep_little_box,
          uniq_edmund
D:7:      kennysheep_slugbush, layout_basic, grunt_ogre_cave, minmay_shop_mass,
          minmay_strange_pillars, uniq_harold
Temple:   nicolae_temple_elliptical

Skill      XL: |  1  2  3  4  5  6  7  8  9 |
---------------+----------------------------+-----
Armour         | 1 3 4 5 |  5.7
Fire Magic     | 4 5 |  5.8
Conjurations   | 2 3 4 5 7 |  7.5
Spellcasting   | 3 4 5 6 |  6.9
Dodging        | 3 4 5 |  5.7
Short Blades   | 1 2 |  2.1
Fighting       | 1 |  1.2
Air Magic      | 1 4 |  4.9
Stealth        | 3 |  3.2
Throwing       | 1 |  1.5
Maces & Flails | |  0.9
Staves         | |  0.8
Unarmed Combat | |  0.2

Action                   |  1- 3 |  4- 6 |  7- 9 | 10-12 || total
-------------------------+-------+-------+-------+-------++-------
Melee: Unarmed           |    17 |       |       |       ||    17
       Kick              |     7 |     5 |    35 |     2 ||    49
       Dagger            |     6 |    42 |   125 |       ||   173
       Peck              |       |     9 |    26 |       ||    35
       Quarterstaff      |       |       |     9 |       ||     9
       Flail             |       |       |    31 |     3 ||    34
Throw: Stone             |       |       |    14 |       ||    14
 Cast: Foxfire           |    36 |   116 |   208 |    22 ||   382
       Conjure Flame     |       |       |    10 |       ||    10
       Shock             |       |       |    27 |       ||    27
       Sticky Flame      |       |       |     3 |       ||     3
       Fireball          |       |       |     3 |       ||     3
 Abil: Fly               |       |     1 |       |       ||     1
  Use: Potion            |     1 |     3 |     1 |     2 ||     7
       Scroll            |       |     7 |     2 |       ||     9
 Stab: Sleeping          |     1 |     1 |     2 |       ||     4
       Invisible         |     2 |     1 |       |       ||     3
  Eat: Chunk             |       |     7 |     8 |     1 ||    16
       Ration            |       |       |     2 |       ||     2
Armor: Robe              |    11 |    13 |    24 |       ||    48
Dodge: Dodged            |    23 |    37 |   129 |    10 ||   199

Table legend:
 A = Non-vault XP
 B = Vault XP
 C = Vault XP percentage of total XP
 D = Non-vault monster count
 E = Vault monster count
 F = Vault count percentage of total count
                 A         B        C        D         E       F
            +---------+---------+-------+---------+---------+-------
      Total |    4493 |     387 |   7.9 |     155 |      23 |  12.9
            +---------+---------+-------+---------+---------+-------
        D:1 |      36 |       0 |   0.0 |      20 |       0 |   0.0
        D:2 |      64 |      79 |  55.2 |      17 |      14 |  45.2
        D:3 |      84 |       4 |   4.5 |      21 |       2 |   8.7
        D:4 |     457 |       0 |   0.0 |      14 |       0 |   0.0
        D:5 |     988 |       0 |   0.0 |      35 |       0 |   0.0
        D:6 |     994 |     166 |  14.3 |      22 |       1 |   4.3
        D:7 |    1870 |     138 |   6.9 |      26 |       6 |  18.8
            +---------+---------+-------+---------+---------+-------
